 Dungeon Crawl Stone Soup version 0.30.1-11-g7821555f0a (webtiles) character file.

Game seed: 11483876848015317887

871 bnorton916 the Magician (level 7, 0/36 HPs)
             Began as a Deep Elf Fire Elementalist on Dec 2, 2023.
             Slain by a bullfrog (4 damage)
             ... on level 6 of the Dungeon.
             The game lasted 00:10:03 (6610 turns).

bnorton916 the Magician (DEFE)                      Turns: 6610, Time: 00:10:04

Health: 0/36       AC:  8    Str:  5    XL:     7   Next: 73%
Magic:  14/17      EV: 11    Int: 22    God:
Gold:   338        SH:  0    Dex: 15    Spells: 11/17 levels left

rFire   . . .        (no weapon)
rCold   + . .        (no shield)
rNeg    + . .        r - +3 leather armour of Cigulommi {rC+ rN+ Will++ Stlth-}
rPois   .            l - +0 helmet
rElec   .            (no cloak)
rCorr   .            k - +0 pair of gloves
SInv    .            (no boots)
Will    ++...        v - amulet of magic regeneration
Stlth   +            (no ring)
HPRegen 0.26/turn    (no ring)
MPRegen 0.55/turn

%: no passive effects
@: no status effects
A: no striking features
a: no special abilities


You were on level 6 of the Dungeon.
You visited 1 branch of the dungeon, and saw 7 of its levels.

You collected 338 gold pieces.

Inventory:

Missiles
 h - 20 poisoned darts
Armour
 a - a +0 robe
 k - a +0 pair of gloves (worn)
 l - a +0 helmet (worn)
 r - the +3 leather armour of Cigulommi (worn) {rC+ rN+ Will++ Stlth-}
   (You took it off a hobgoblin on level 3 of the Dungeon)

   rC:        It protects you from cold.
   rN:        It protects you from negative energy.
   Will:      It greatly increases your willpower.
   Stlth:     It makes you less stealthy.
 w - the +4 ring mail of Supple Strength {rPois rF+}
   (You found it on level 6 of the Dungeon)

   rF:        It protects you from fire.
   rPois:     It protects you from poison.
Jewellery
 d - an amulet of faith
 v - an amulet of magic regeneration (around neck)
Wands
 m - a wand of paralysis (9)
 u - a wand of digging (7)
Scrolls
 c - a scroll of noise
 e - a scroll of fear
 g - a scroll of vulnerability
 i - 2 scrolls of enchant armour
 j - a scroll of immolation
 n - 4 scrolls of enchant weapon {unknown}
 x - 3 scrolls of identify
Potions
 b - 2 potions of magic
 f - a potion of flight
 o - 3 potions of resistance {unknown}
 p - a potion of curing {unknown}
 s - 2 potions of cancellation {unknown}
 t - 2 potions of heal wounds


   Skills:
 - Level 4.0 Armour
 - Level 2.4 Dodging
 - Level 2.4 Stealth
 - Level 5.9 Spellcasting
 + Level 4.6 Conjurations
 - Level 5.4 Fire Magic
 + Level 0.7 Air Magic
 + Level 0.8 Poison Magic


You had 11 spell levels left.
You knew the following spells:

 Your Spells              Type           Power      Damage    Failure   Level
a - Foxfire               Conj/Fire      100%       2x1d9     1%          1
b - Scorch                Fire           60%        2d8       2%          2
c - Mephitic Cloud        Conj/Pois/Air  15%        N/A       19%         3

Your spell library contained the following spells:

 Spells                   Type           Power      Damage    Failure   Level
 Sandblast                Erth           12%        2d6       14%         1
 Inner Flame              Hex/Fire       18%        N/A       14%         3
 Volatile Blastmotes      Fire/Tloc      36%        2d13      14%         3
 Poisonous Vapours        Pois/Air       20%        N/A       16%         2
 Stone Arrow              Conj/Erth      32%        3d9       17%         3
 Flame Wave               Conj/Fire      28%        2d9       19%         4
 Passwall                 Tmut/Erth      5%         N/A       22%         2
 Sublimation of Blood     Necr           6%         N/A       22%         2
 Wereblood                Tmut           6%         N/A       22%         2
 Call Canine Familiar     Summ           6%         N/A       41%         3
 Portal Projectile        Hex/Tloc       12%        N/A       41%         3
 Leda's Liquefaction      Hex/Erth       3%         N/A       82%         4
 Freezing Cloud           Conj/Ice/Air   7%         6-21      88%         5
 Summon Hydra             Summ           3%         N/A       100%        7


Dungeon Overview and Level Annotations

Branches:
Dungeon (7/15)
 Temple: D:4-7

Altars:
The Shining One

Shops:
D:1 *

Annotations:
D:6 Dowan, Duvessa, Grinder


Message History

Unknown command.
Casting: Scorch (safe; 2% risk of failure)
Confirm with . or Enter, or press ? or * to list all spells.
Flames lash Grinder.
Grinder is lightly wounded.
Grinder blinks!
Unknown command.
Casting: Scorch (safe; 2% risk of failure)
Confirm with . or Enter, or press ? or * to list all spells.
You conjure some foxfire!
The foxfire hits the bullfrog.
The bullfrog is moderately wounded.
The foxfire hits Grinder.
Grinder is burned terribly!
Grinder is moderately wounded.
Casting: Foxfire (safe; 1% risk of failure)
Confirm with . or Enter, or press ? or * to list all spells.
You conjure some foxfire!
Grinder is no longer more vulnerable to fire.
The foxfire hits the bullfrog!
The bullfrog is severely wounded.
The foxfire hits Grinder but does no damage.
Grinder is moderately wounded.
The bullfrog hits you.
The bullfrog hits you but does no damage.
Casting: Foxfire (safe; 1% risk of failure)
Confirm with . or Enter, or press ? or * to list all spells.
Flames lash the bullfrog.
The bullfrog is almost dead.
The bullfrog's fire resistance burns away.
The bullfrog hits you but does no damage.
Grinder closely misses you. The bullfrog hits you.
* * * LOW HITPOINT WARNING * * *
Grinder says, "FISH!"
Grinder hits you.
* * * LOW HITPOINT WARNING * * *
You writhe in agony.
* * * LOW HITPOINT WARNING * * *
The bullfrog hits you.
You die...

#############
..........5@###############
...........F..............#
##...........###########.##
#................#..<.#.#
#............###.#.#..#.#
##########'#.#.#.#.####.#
#........#......#
#..#.############
#..#.......#


You could see Grinder and a bullfrog (combustible).

Vanquished Creatures
  Eustachio (D:3)
  Blork the orc (D:4)
  A bullfrog (D:6)
  3 scorpions
  2 hounds
  2 iguanas (D:5)
  A sleepcap (D:5)
  3 orc wizards
  5 gnolls (D:6)
  6 adders
  A shadow imp (D:5)
  17 orcs
  5 ball pythons
  9 endoplasms
  3 giant cockroaches
  5 goblins
  15 hobgoblins
  3 kobolds
  3 quokkas
  5 bats
  3 frilled lizards
  2 rats (D:3)
96 creatures vanquished.

Vanquished Creatures (others)
  427 foxfires
427 creatures vanquished.

Grand Total: 523 creatures vanquished

Notes
Turn   | Place    | Note
-------+----------+-------------------------------------------
     0 | D:1      | bnorton916 the Deep Elf Fire Elementalist began the quest
                  | for the Orb.
     0 | D:1      | Reached XP level 1. HP: 10/10 MP: 6/6
   383 | D:1      | Found Etzee's Assorted Antiques.
   455 | D:1      | Reached XP level 2. HP: 15/15 MP: 4/8
  1019 | D:1      | Learned a level 2 spell: Scorch
  1136 | D:2      | Found a glowing golden altar of the Shining One.
  1419 | D:2      | Reached XP level 3. HP: 17/19 MP: 6/10
  2093 | D:2      | You fall into a shaft and drop 2 floors!
  2449 | D:3      | Identified the +3 leather armour of Cigulommi {rC+ rN+
                  | Will++ Stlth-}
  2768 | D:3      | Reached XP level 4. HP: 16/24 MP: 2/12
  3678 | D:4      | Reached skill level 1 in Armour
  3678 | D:4      | Reached XP level 5. HP: 28/28 MP: 8/13
  3743 | D:4      | Noticed Eustachio
  3835 | D:3      | Killed Eustachio
  3836 | D:3      | Reached skill level 5 in Spellcasting
  3836 | D:3      | Reached XP level 6. HP: 16/32 MP: 1/15
  4146 | D:4      | Reached skill level 5 in Fire Magic
  4222 | D:4      | Noticed Blork the orc
  4553 | D:4      | Killed Blork the orc
  5056 | D:5      | Entered Level 5 of the Dungeon
  5208 | D:5      | Reached XP level 7. HP: 36/36 MP: 14/17
  5525 | D:5      | Learned a level 3 spell: Mephitic Cloud
  6079 | D:6      | Identified the +4 ring mail of Supple Strength {rPois rF+}
  6153 | D:6      | Noticed Duvessa
  6153 | D:6      | Noticed Dowan
  6596 | D:6      | Noticed Grinder
  6610 | D:6      | Slain by a bullfrog

Illustrated notes

Levels and vault maps discovered:
D:1:      mrwooster_arrival_statue, layout_basic, serial_shops, shop
D:2:      layout_loops_ring, basic_altar, minmay_misc_feat_iff,
          serial_bayou_crossing
D:3:      layout_basic
D:4:      layout_rooms, uniq_eustachio, uniq_blork_the_orc
D:5:      layout_cave_pools
D:6:      layout_basic, uniq_grinder, uniq_duvessa
D:7:      minmay_skewed_foursquare, layout_loops_ring,
          minmay_temple_entry_junction, nrook_uturn

Skill      XL: |  1  2  3  4  5  6  7 |
---------------+----------------------+-----
Conjurations   | 2 3 4 |  4.6
Spellcasting   | 4 5 |  5.9
Fire Magic     | 4 5 |  5.4
Armour         | 1 2 4 |  4.0
Dodging        | |  2.4
Stealth        | |  2.4
Air Magic      | |  0.7
Poison Magic   | |  0.8

Action                     |  1- 3 |  4- 6 |  7- 9 || total
---------------------------+-------+-------+-------++-------
  Melee: Unarmed           |     3 |     4 |     1 ||     8
   Cast: Foxfire           |   137 |    73 |    43 ||   253
         Scorch            |     4 |    17 |    16 ||    37
    Use: Scroll            |       |     6 |     5 ||    11
         Potion            |       |       |     1 ||     1
 Armour: Robe              |     6 |     2 |       ||     8
         Leather armour    |       |    10 |    16 ||    26
  Dodge: Dodged            |    13 |    12 |    16 ||    41
